 Dungeon Crawl Stone Soup version 0.13-a0-2116-g5cefd36 (webtiles) character file.

228 Greenblue the Insei (level 4, -3/37 HPs)
             Began as a Draconian Monk on June 27, 2013.
             Slain by Purgy (4 damage)
             ... on Level 4 of the Dungeon.
             The game lasted 00:06:16 (2504 turns).

Greenblue the Insei (Draconian Monk)                Turns: 2504, Time: 00:06:16

HP  -3/37        AC  5     Str 13      XL: 4   Next: 79%
MP   3/3         EV 13     Int 12      God:
Gold 105         SH  0     Dex 13      Spells:  0 memorised,  3 levels left

Res.Fire  : . . .   See Invis. : .     - Unarmed
Res.Cold  : . . .   Warding    : .   (armour unavailable)
Life Prot.: . . .   Conserve   : .   (no shield)
Res.Poison: .       Res.Corr.  : .   (helmet restricted)
Res.Elec. : .       Clarity    : .   (no cloak)
Sust.Abil.: . .     Spirit.Shd : .   (no gloves)
Res.Mut.  : .       Stasis     : .   (no boots)
Res.Rott. : .       Flight     : .   (no amulet)
Saprovore : . . .                    (no ring)
                                     (no ring)

@: slightly resistant to hostile enchantments, unstealthy
A: unfitting armour, AC +5
a: no special abilities


You were on level 4 of the Dungeon.
You were not hungry.

You visited 1 branch of the dungeon, and saw 4 of its levels.
You also visited: Sewer.

You collected 105 gold pieces.

Inventory:

Hand weapons
 n - a +0,+1 dagger of venom
Missiles
 s - a throwing net (quivered)
Comestibles
 b - a bread ration
 g - an apple
 h - 3 chokos
 i - a lychee
 k - a snozzcumber
Scrolls
 c - 6 scrolls of identify {unknown}
 d - 7 scrolls of teleportation {unknown}
 e - a scroll of noise {unknown}
 j - a scroll of curse armour {unknown}
 l - 2 scrolls of blinking {unknown}
 m - 2 scrolls of fog
 o - 3 scrolls of fear {unknown}
 q - 2 scrolls of magic mapping {unknown}
 r - a scroll of random uselessness {unknown}
 u - a scroll of recharging {unknown}
Jewellery
 t - an uncursed ring of ice
Potions
 a - a potion of curing
 f - a potion of agility {unknown}
 p - a potion of poison {unknown}
 v - a potion of might {unknown}


   Skills:
 - Level 3.2 Fighting
 - Level 2.6 Dodging
 - Level 1.7 Stealth
 + Level 6.2 Unarmed Combat


You had 3 spell levels left.
You didn't know any spells.

Dungeon Overview and Level Annotations

Branches:
Dungeon (4/27)
 Temple: D:4-7

Altars:

Annotations
D:4 Purgy


Message History

The giant mite splashes around in the water.
The giant mite bites you.
* * * LOW HITPOINT WARNING * * *
There is a collapsed entrance here.
Read which item? (? for menu, Esc to quit)
As you read the scroll labeled CHIUZA REOKHAUPOE, it crumbles to dust.
The scroll dissolves into smoke.
It was a scroll of fog.
The giant mite splashes around in the water.
Purgy bites you but does no damage. Purgy misses you. Purgy barely misses you.
The giant mite barely misses you.
You enter the shallow water.
Moving in this stuff is going to be slow.
Purgy barely misses you. Purgy claws you but does no damage.
Purgy claws you but does no damage. Purgy barely misses you. Purgy claws you.
* * * LOW HITPOINT WARNING * * *
Purgy barely misses you.
The giant mite bites you but does no damage.
Purgy bites you.
You die...

.#......# .#.#..#.###
............
.#....#.#####
............[.
.#.#..#.#####
.#..........#
...##.#.###############.#
...##.#..p≈§§ssT@≈......#
...##.#..≈≈§§§ss§§..#####
...##.#..≈≈§§§§§§§.##
.#.##.#)###########?..
..... ### ...... ##....#.
#...... ....#.#


You could see Purgy and 3 giant mites.

Vanquished Creatures
  A gnoll (D:1)
  5 adders
  3 giant geckos
  An ooze (D:2)
  4 ball pythons
  8 bats
  2 giant cockroaches
  7 goblins
  10 hobgoblins
  6 kobolds
  A quokka (D:3)
  5 giant newts
  6 jackals
  5 rats
64 creatures vanquished.

Notes
Turn   | Place    | Note
--------------------------------------------------------------
     0 | D:1      | Greenblue, the Draconian Monk, began the quest for the Orb.
     0 | D:1      | Reached XP level 1. HP: 17/17 MP: 0/0
   173 | D:1      | Reached XP level 2. HP: 18/24 MP: 1/1
   549 | D:1      | Reached skill level 5 in Unarmed Combat
   577 | D:1      | Reached XP level 3. HP: 30/30 MP: 2/2
  1075 | D:2      | Reached XP level 4. HP: 37/37 MP: 3/3
  1819 | D:3      | Reached skill level 6 in Unarmed Combat
  2358 | D:4      | Noticed a phantom
  2368 | D:4      | Found a glowing drain.
  2386 | Sewer    | Entered a sewer
  2474 | Sewer    | Noticed Purgy
  2503 | D:4      | HP: 1/37 [Purgy (2)]
  2504 | D:4      | Slain by Purgy

Action                   |  1- 3 |  4- 6 || total
-------------------------+-------+-------++-------
Melee: Unarmed           |   117 |   109 ||   226
       Dagger            |       |    15 ||    15
  Use: Potion            |       |     2 ||     2
       Scroll            |       |     1 ||     1
 Stab: Sleeping          |       |     1 ||     1
